[Event "*** Titled Tuesday 3|2 Blitz"]
[Site "Chess.com"]
[Date "2015.10.06"]
[Round "2"]
[White "kleinebeer98"]
[Black "Viaje"]
[Result "1-0"]
[WhiteElo "2286"]
[BlackElo "2147"]
[TimeControl "180+2"]
[EndTime "11:20:43 PDT"]
[Termination "kleinebeer98 won by resignation"]

1. e4 c5 2. Nf3 d6 3. d4 cxd4 4.
Nxd4 Nf6 5. Nc3 a6 6. g3 e5 7. Nb3 Be7 8. Bg2 b5 9. a4 b4 10.
Nd5 Nxd5 11. Qxd5 Ra7 12. Be3 Be6 13. Qd2 Rb7 14. a5 Nd7 15. O-O O-O 16. Rfd1 Qc8 17. Ra4 Qc6 18. Rxb4 Rxb4 19. Qxb4 Qxc2 20. Rc1 Qxb3 21.
Qxb3 Bxb3 22. Rc7 Be6 23. f4 exf4 24. gxf4 Bd8 25. Ra7 Nb8 26. Bb6 Bxb6+ 27. axb6 Bc4 28. Rc7 Bb5 29. e5 dxe5 30. fxe5 f6 31. e6 Re8 32. b7 g6 33. b4 Kh8 34. Bd5 f5 35. Kf2 a5 36. bxa5 Na6 37. Rc8 Kg7 38.
Bc4 Re7 39. Bxb5 Rxb7 40. Bxa6 Rb2+ 41. Kg3 Rxh2 42. Kxh2 1-0

[Event "*** Titled Tuesday 3|2 Blitz"]
[Site "Chess.com"]
[Date "2015.10.06"]
[Round "2"]
[White "StellarChessPro"]
[Black "IMRosen"]
[Result "0-1"]
[WhiteElo "2225"]
[BlackElo "2206"]
[TimeControl "180+2"]
[EndTime "11:20:43 PDT"]
[Termination "IMRosen won by resignation"]

1. d4 Nf6 2. Bg5 Ne4 3. Bf4 d6 4. f3 Nf6 5. e4 Nbd7 6. Bc4 e5 7. dxe5 dxe5 8. Be3 Be7 9. Nc3 c6 10. Nge2 O-O 11. Qd2 b5 12. Bb3 a5 13. a3 Qc7 14.
O-O Nb6 15. Rfd1 Be6 16. Qe1 Nc4 17. Bxc4 Bxc4 18. Qf2 Qb7 19. b3 Be6 20. Bc5 Rfe8 21. Bxe7 Qxe7 22. Qb6 Qa7 23. Qxa7 Rxa7 24. Rd6 Rc7 25.
Rad1 Kf8 26. Kf2 Ke7 27. R6d2 h6 28. g4 Rb8 29. h4 Nd7 30. Ke3 b4 31. axb4 axb4 32.
Na4 Rb5 33. g5 h5 34. f4 g6 35. Rc1 exf4+ 36. Nxf4 Ne5 37. Nd3 Ng4+ 38. Kf4 c5 39. Ndb2 c4 40. bxc4 Bxc4 41. Nxc4 Rxc4 42. Nb2 Rf5+ 43.
Kg3 Rxe4 44. Rd3 Nf2 45. Rf3 Ng4 46. Rxf5 gxf5 47. Nd3 b3 48. cxb3 Re3+ 49. Kf4 Rxd3 50. Rb1 Ke6 51. Re1+ Kd5 52. Re7 Rxb3 53. g6 fxg6 54. Kg5 Ne5 55. Kf6 Re3 56. Ra7 f4 0-1

[Event "*** Titled Tuesday 3|2 Blitz"]
[Site "Chess.com"]
[Date "2015.10.06"]
[Round "2"]
[White "jcibarra"]
[Black "lorcho"]
[Result "0-1"]
[WhiteElo "2519"]
[BlackElo "2543"]
[TimeControl "180+2"]
[EndTime "11:20:51 PDT"]
[Termination "lorcho won by resignation"]

1. e4 c6 2. d4 g6 3. Nc3 d5 4. Nf3 dxe4 5. Nxe4 Bg7 6. Bc4 Nf6 7. Neg5 O-O 8. Ne5 Nd5 9. Ngf3 Nd7 10. O-O Nxe5 11. Nxe5 Be6 12. Bb3 c5 13. Re1 Nc7 14. Bxe6 Nxe6 15.
d5 Nd4 16. c4 e6 17. dxe6 Nxe6 18. Qa4 Re8 19. Nf3 Nd4 20. Qxe8+ Qxe8 21. Rxe8+ Rxe8 22. Be3 Nc2 23. Rd1 Nxe3 24. fxe3 Bxb2 25. Rb1 Bf6 26. Rxb7 Rxe3 27. Rxa7 Rc3 28. Ra4 Rc2 29. h4 h5 30. Kh2 Kg7 31. Kg3 Be7 32. Ng5 Rc3+ 33. Kf4 Bd6+ 34. Ke4 Bg3 35. Ra7 Bxh4 36. Nxf7 Rxc4+ 37. Kd5 Rd4+ 38. Kxc5 Bf2 0-1

[Event "*** Titled Tuesday 3|2 Blitz"]
[Site "Chess.com"]
[Date "2015.10.06"]
[Round "2"]
[White "Tal-Baronfew"]
[Black "Aygehovit1992"]
[Result "1-0"]
[WhiteElo "2677"]
[BlackElo "2462"]
[TimeControl "180+2"]
[EndTime "11:20:53 PDT"]
[Termination "Tal-Baronfew won by checkmate"]

1. e4 c5 2. Nf3 d6 3. d4 cxd4 4.
Nxd4 Nf6 5. Nc3 g6 6. Be3 Bg7 7.
h3 O-O 8. Qd2 Nc6 9. O-O-O Nxd4 10. Bxd4 Be6 11. Kb1 Qa5 12. a3 Rfc8 13. g4 b5 14. g5 Nh5 15. Nxb5 Qa4 16. Nc3 Qd7 17. Bxg7 Nxg7 18. h4 Rab8 19. Ka1 Qb7 20. Rb1 Qb6 21. Bd3 Qa5 22. f4 Bd7 23. Rhf1 Ne6 24. f5 Nd4 25. h5 Rb3 26. Ka2 Rbxc3 27. bxc3 Nb5 28. Bxb5 Bxb5 29. Rf3 Bc4+ 30. Rb3 gxf5 31. exf5 Qe5 32. Kb2 Bxb3 33. cxb3 a5 34. h6 Qe4 35. Rf4 Qe5 36. Rf2 a4 37. b4 Rc4 38. Qd3 Re4 39. Qa6 f6 40. g6 hxg6 41. fxg6 Qd5 42. Qc8# 1-0

[Event "*** Titled Tuesday 3|2 Blitz"]
[Site "Chess.com"]
[Date "2015.10.06"]
[Round "2"]
[White "Keranke"]
[Black "Ginger_GM"]
[Result "0-1"]
[WhiteElo "2580"]
[BlackElo "2449"]
[TimeControl "180+2"]
[EndTime "11:20:58 PDT"]
[Termination "Ginger_GM won by resignation"]

1. d4 e6 2. c4 f5 3. g3 Nf6 4. Bg2 Be7 5. Nf3 O-O 6. O-O d6 7. Nc3 a5 8. Re1 Ne4 9. Qd3 Nc6 10. Nxe4 Nb4 11. Qb1 fxe4 12. Qxe4 e5 13. dxe5 Bf5 14. Qxb7 Rb8 15. Qa7 c5 16. exd6 Bxd6 17. Bg5 Qc8 18. Nh4 Bh3 19. Be7 Rf7 20. Bxh3 Qxh3 21. Bxd6 Rxa7 22. Bxb8 Rd7 23. Rad1 Nc2 24. Rxd7 Qxd7 25. Rb1 Nd4 26. e3 Ne2+ 27. Kf1 Qd3 28. Re1 Nxg3+ 29. Kg2 Ne4 30. b3 Qd2 31. Rf1 Qxa2 32. Bg3 Qxb3 33. Ra1 a4 34. Nf3 a3 35. Be5 Kf7 36. Rc1 a2 37. h3 g5 38. Ba1 Ke6 39. Nh2 h5 40.
Nf3 Qb1 41. Rf1 Kf5 42. Bg7 g4 43. hxg4+ hxg4 44. Nh2 Nd2 45. Rg1 Qe4+ 46. Kg3 Qxc4 47. f3 gxf3 48. Nxf3 Qg4+ 0-1

[Event "*** Titled Tuesday 3|2 Blitz"]
[Site "Chess.com"]
[Date "2015.10.06"]
[Round "2"]
[White "oggy1984"]
[Black "Moltini"]
[Result "0-1"]
[WhiteElo "2388"]
[BlackElo "2175"]
[TimeControl "180+2"]
[EndTime "11:21:03 PDT"]
[Termination "Moltini won on time"]

1. d4 Nf6 2. Bg5 Ne4 3. Bf4 d5 4. e3 c6 5. Nd2 Nf6 6. Bd3 e6 7. Ngf3 h6 8. O-O Bd6 9. Ne5 Qe7 10. c4 Nbd7 11. Ndf3 Nh5 12. Ng6 fxg6 13. Bxg6+ Kd8 14.
Bxd6 Qxd6 15. Bxh5 Rf8 16. Bg6 dxc4 17. Rc1 b5 18. a4 a6 19. b3 cxb3 20. Qxb3 Bb7 21. Rfd1 Ke7 22. Be4 Nf6 23. Nd2 Ng4 24. f4 g5 25. Bf3 Nf6 26. Nc4 bxc4 27. Qxb7+ Qd7 28. Qb4+ Kf7 29. fxg5 hxg5 30. Rxc4 Rac8 31. Rdc1 Nd5 32. Qd2 Kg6 33. Be4+ Kh6 34. Rc5 Rf6 35. Qe1 Qd6 36.
Rb1 Rc7 37. Rb8 Kg7 38. Rb2 Rcf7 39. Bxd5 exd5 40. Rb6 Qf8 41. Rb1 Rf2 42. Rxc6 Ra2 43. h3 Rff2 0-1

[Event "*** Titled Tuesday 3|2 Blitz"]
[Site "Chess.com"]
[Date "2015.10.06"]
[Round "2"]
[White "Mornar1951"]
[Black "gmsakk"]
[Result "1-0"]
[WhiteElo "2627"]
[BlackElo "2483"]
[TimeControl "180+2"]
[EndTime "11:21:12 PDT"]
[Termination "Mornar1951 won by resignation"]

1. Nf3 d5 2. d4 Nf6 3. c4 c6 4.
Nbd2 Bf5 5. Nh4 Bc8 6. e3 g6 7.
Be2 Bg7 8. O-O O-O 9. Nhf3 Bf5 10. b4 Nbd7 11. Bb2 Ne4 12. Rc1 h6 13. Qb3 Nxd2 14.
Nxd2 e6 15. g4 Be4 16. f3 dxc4 17. Nxc4 Bd5 18. Qc2 Qe7 19. a3 e5 20. Nxe5 Nxe5 21. dxe5 Bxe5 22. e4 Bxb2 23. Qxb2 Be6 24. Rcd1 Rad8 25.
Qc1 Kh7 26. Qc5 Qxc5+ 27. bxc5 b5 28. Rd6 Rxd6 29. cxd6 Rd8 30. e5 g5 31. Rc1 Bd5 32.
Rc5 f6 33. Bxb5 Bxf3 34. Bxc6 Bxc6 35. Rxc6 fxe5 36. Kf2 Kg7 37. Ke3 Kf6 38. Ke4 Ke6 39. d7+ Kxd7 40. Rxh6 Rf8 41. Kxe5 Rf4 42. h3 Rf3 43. a4 Kc7 44. a5 Kb7 45. a6+ Kc7 46. Rg6 Rxh3 47. Rxg5 Kb6 48. Rg6+ Kb5 49. g5 Rf3 50.
Rf6 Re3+ 51. Kf5 Rg3 52. g6 1-0

[Event "*** Titled Tuesday 3|2 Blitz"]
[Site "Chess.com"]
[Date "2015.10.06"]
[Round "2"]
[White "kikydu96"]
[Black "stefanodinn"]
[Result "1-0"]
[WhiteElo "2277"]
[BlackElo "2117"]
[TimeControl "180+2"]
[EndTime "11:21:14 PDT"]
[Termination "kikydu96 won by resignation"]

1. e4 c5 2. Nf3 d6 3. d4 cxd4 4. Nxd4 Nf6 5. Nc3 a6 6. Be2 e6 7.
Be3 Qc7 8. O-O Be7 9. Kh1 b5 10.
a3 Bb7 11. f3 O-O 12. Qe1 Nbd7 13. Rd1 d5 14. exd5 Nxd5 15. Nxd5 Bxd5 16. Bd3 Ne5 17. Bf4 Nxd3 18. Bxc7 Nxe1 19. Rfxe1 Rac8 20. Bg3 Rfd8 21. c3 Bc4 22. h3 Kf8 23. Rd2 Bg5 24. f4 Bf6 25. Red1 Ke8 26. Bf2 Rd5 27. b3 Bxd4 28. bxc4 Bxf2 29. cxd5 Be3 30. Re2 Bxf4 31. dxe6 Rxc3 32. exf7+ Kxf7 33. Rf1 g5 34. h4 h6 35. Rf3 Rxf3 36. gxf3 gxh4 37. Kg2 Bd6 38. Re3 Bf4 39. Re4 Bd6 40. Rxh4 Bxa3 41. Rxh6 a5 42. Rh5 Bb2 43. Rxb5 Bc3 44. Rb6 Bb4 45. Ra6 Ke7 46. f4 Kf7 47. Kf3 Kg7 48. Ke4 Kf7 49. Kf5 Ke7 50. Ra7+ Kf8 51. Ke6 1-0

[Event "*** Titled Tuesday 3|2 Blitz"]
[Site "Chess.com"]
[Date "2015.10.06"]
[Round "2"]
[White "ItalianMachine"]
[Black "MFBerna"]
[Result "1-0"]
[WhiteElo "2206"]
[BlackElo "2070"]
[TimeControl "180+2"]
[EndTime "11:21:25 PDT"]
[Termination "ItalianMachine won by resignation"]

1. e4 e5 2. Nf3 Nc6 3. Bb5 a6 4.
Ba4 Nf6 5. d3 b5 6. Bb3 Be7 7.
c3 O-O 8. O-O d6 9. h3 Na5 10.
Bc2 c5 11. b3 Qc7 12. Re1 Nc6 13. d4 cxd4 14. cxd4 Nb4 15. Bd3 Nxd3 16. Qxd3 Bb7 17. Bb2 d5 18. Nxe5 dxe4 19. Qe2 Rac8 20. Nd2 Qc2 21. Nf1 Qxe2 22. Rxe2 Rfd8 23. Ng3 g6 24. Rae1 h5 25. Kh2 h4 26. Nf1 Bb4 27. Rd1 Nh5 28.
g3 hxg3+ 29. fxg3 Ng7 30. Ne3 Ne6 31. Rf2 Ng5 32. h4 Nf3+ 33. Nxf3 exf3 34. Ng4 Bc3 35.
Bxc3 Rxc3 36. Ne5 Re3 37. Ng4 Re2 38. Kg1 Rde8 39. Nf6+ Kf8 40. Nxe8 Rxe8 41. d5 Re3 42. Kf1 Ke7 43. Rfd2 Kd6 44. Kf2 Rc3 45. Rd3 Rxd3 46. Rxd3 Bxd5 47. Ke3 Ke5 48. Rd2 a5 49. Rc2 a4 50.
bxa4 bxa4 51. a3 f5 52. Rc5 Kd6 53. Ra5 Bc6 54. Ra7 Ke5 55. Ra6 Kd6 56. Ra7 Ke5 57. Rg7 Kf6 58. Rc7 Bd5 59. Ra7 Bb3 60. Kxf3 Bc2 61.
Kf4 Bd1 62. Ra6+ Kf7 63. Kg5 Bc2 64. Rxg6 f4 65. Rf6+ Ke7 66. Rxf4 1-0

[Event "*** Titled Tuesday 3|2 Blitz"]
[Site "Chess.com"]
[Date "2015.10.06"]
[Round "2"]
[White "Saitama_Hero"]
[Black "BIG_Pirate"]
[Result "1-0"]
[WhiteElo "2135"]
[BlackElo "2264"]
[TimeControl "180+2"]
[EndTime "11:21:30 PDT"]
[Termination "Saitama_Hero won by resignation"]

1. d4 Nf6 2. c4 e6 3. Nc3 Bb4 4. f3 c5 5. d5 O-O 6. e4 d6 7. Bd3 exd5 8. cxd5 Nbd7 9. Ne2 Ne5 10. Bc2 a6 11. O-O b5 12. f4 Ng6 13. e5 dxe5 14. f5 Ne7 15. Bg5 Nexd5 16. Ne4 Qe7 17. N2g3 h6 18. Bh4 c4 19. Nh5 Qa7+ 20. Bf2 Qe7 21.
Nhxf6+ Nxf6 22. Bh4 Qa7+ 23. Bf2 Qe7 24. a3 Ba5 25. Bc5 Qd8 26. Bxf8 Kxf8 27. Nxf6 Qxf6 28. Qd5 Rb8 29. Rad1 Bb6+ 30. Kh1 Bd4 31. Rfe1 Bb7 32. Qd7 Kg8 33. Qc7 Ba7 34. Rxe5 Qg5 35. Re2 Qg4 36.
f6 gxf6 37. Rde1 Kg7 38. Be4 Bxe4 39. Rxe4 Qc8 40. Qxa7 Rb7 41. Qf2 Rd7 42. Qg3+ Kh7 43. h3 Qc6 44. Re8 1-0

[Event "*** Titled Tuesday 3|2 Blitz"]
[Site "Chess.com"]
[Date "2015.10.06"]
[Round "2"]
[White "Haridaskesavan"]
[Black "Po6Don"]
[Result "0-1"]
[WhiteElo "2042"]
[BlackElo "2101"]
[TimeControl "180+2"]
[EndTime "11:21:53 PDT"]
[Termination "Po6Don won by resignation"]

1. e4 e5 2. Nf3 Nc6 3. Bc4 Nf6 4.
d3 d5 5. exd5 Nxd5 6. O-O Bg4 7.
Re1 Be7 8. h3 Bh5 9. c3 O-O 10.
Nbd2 Nb6 11. Bb5 Bd6 12. Ne4 f5 13. Ng3 Bg6 14. Ng5 Qf6 15. Nh5 Bxh5 16. Qxh5 h6 17. Nf3 Rae8 18. Bd2 e4 19. Nh4 g5 20. Ng6 Rf7 21.
Qxh6 Rg7 22. Bxg5 Qxg6 23. Qxg6 Rxg6 24. Be3 a6 25. Bxc6 bxc6 26. dxe4 Rxe4 27. f3 Rxe3 28. Rxe3 Bc5 29. Kf2 Re6 30. Re1 Nd5 31. b4 Rxe3 32.
Rh1 Bb6 33. Kg3 f4+ 34. Kg4 Rxc3 35. Re1 Re3 36. Rb1 Re2 37. a4 Rxg2+ 38. Kf5 Bd4 39. b5 axb5 40. a5 b4 41. a6 b3 42. Rd1 Bb6 43.
Rb1 b2 44. Ke6 Nc3 45. a7 Bxa7 46. Re1 Re2+ 47. Kf5 Rxe1 48. Kg6 b1=Q+ 49. Kh5 Re5+ 0-1

[Event "*** Titled Tuesday 3|2 Blitz"]
[Site "Chess.com"]
[Date "2015.10.06"]
[Round "2"]
[White "alturas_pacificas"]
[Black "LADIESGET2KNOWME"]
[Result "0-1"]
[WhiteElo "2116"]
[BlackElo "2259"]
[TimeControl "180+2"]
[EndTime "11:22:03 PDT"]
[Termination "LADIESGET2KNOWME won by resignation"]

1. d4 Nf6 2. Bf4 d6 3. e3 g6 4. Nf3 Bg7 5. Be2 O-O 6. O-O Nbd7 7. h3 b6 8. c4 Bb7 9. Nc3 Ne4 10. Nxe4 Bxe4 11.
Nd2 Bb7 12. Bf3 Qc8 13. Bxb7 Qxb7 14. Qf3 Qxf3 15. Nxf3 c5 16. Rac1 Rfc8 17. b3 a6 18.
Rfd1 cxd4 19. exd4 b5 20. Be3 bxc4 21. bxc4 Nb6 22. c5 Nd5 23. cxd6 exd6 24. Rxc8+ Rxc8 25. Rb1 h6 26. Rb2 g5 27. Kf1 f5 28. Ke1 f4 29. Bd2 Rc4 30. Rb8+ Kh7 31. Rd8 Rc6 32. Kd1 Kg6 33. Rd7 Bf6 34. g3 fxg3 35. fxg3 Nb6 36. Ra7 Nc4 37. h4 g4 38. Nh2 h5 39.
Bc3 Ne3+ 40. Kd2 Nd5 41. Bb2 Nb4 42. Ba3 Bxd4 43. Ra8 Rc2+ 44. Kd1 Rxh2 45. Bxb4 Rxa2 46. Bxd6 Kf5 47. Bf4 Ke4 48. Kc1 Kd3 49. Kd1 a5 50.
Rd8 a4 51. Rb8 Rf2 52. Bd2 Rxd2+ 53. Kc1 Rg2 0-1

[Event "*** Titled Tuesday 3|2 Blitz"]
[Site "Chess.com"]
[Date "2015.10.06"]
[Round "2"]
[White "enen0315"]
[Black "metalbattler"]
[Result "0-1"]
[WhiteElo "1924"]
[BlackElo "1896"]
[TimeControl "180+2"]
[EndTime "11:22:30 PDT"]
[Termination "metalbattler won on time"]

1. d4 d5 2. c4 c6 3. Nf3 Nf6 4. e3 e6 5. b3 Bd6 6. Bb2 O-O 7. Nbd2 Nbd7 8. Bd3 b6 9. O-O Bb7 10. Ne5 c5 11. f4 Qe7 12. cxd5 exd5 13. Rf3 Ne4 14. Rh3 f5 15. Ndf3 a5 16. Nxd7 Qxd7 17. Ne5 Bxe5 18. fxe5 Ba6 19. Bxe4 fxe4 20. Qh5 g6 21. Qg5 Qf5 22.
Qxf5 Rxf5 23. g4 Rf7 24. e6 Re7 25. dxc5 bxc5 26. Rc1 c4 27. bxc4 Bxc4 28. a3 Rxe6 29. g5 Rb8 30. Bd4 Rb3 31. Rh4 Re7 32. Rf4 Rf7 33. Rxf7 Kxf7 34. Bc5 Ke6 35. Kf2 Kf5 36. Be7 Kg4 37. h3+ Kxh3 38. Rh1+ Kg4 39. Rxh7 Rb2+ 40. Ke1 Kf3 41. Rh3+ Kg4 42. Rh6 Rb6 43. Bf6 Rb3 44. Rxg6 Rxe3+ 45. Kd2 Rd3+ 46. Ke1 e3 47. Rh6 Rxa3 48.
g6 Rb3 49. Kd1 Bd3 50. Rh4+ Kf5 0-1

[Event "*** Titled Tuesday 3|2 Blitz"]
[Site "Chess.com"]
[Date "2015.10.06"]
[Round "2"]
[White "kpio91"]
[Black "AlexanderL"]
[Result "0-1"]
[WhiteElo "2496"]
[BlackElo "2552"]
[TimeControl "180+2"]
[EndTime "11:22:32 PDT"]
[Termination "AlexanderL won by resignation"]

1. c4 e5 2. g3 Nc6 3. Bg2 g6 4. Nc3 Bg7 5. e4 d6 6. Nge2 h5 7. h4 Nd4 8. Nxd4 exd4 9. Ne2 Ne7 10.
d3 Nc6 11. Rb1 a5 12. b3 O-O 13. O-O Kh7 14. f4 f5 15. Qe1 Re8 16. a3 fxe4 17.
Bxe4 Bf5 18. Bxf5 gxf5 19. Qf2 Qe7 20. Rb2 Qf7 21. Qf3 Re7 22. Kh2 Rae8 23. Ng1 Kg6 24. Re2 Rxe2+ 25. Nxe2 Re7 26. Bd2 Qe8 27. Nc1 b6 28. b4 axb4 29. axb4 Nd8 30. Rf2 Nf7 31. Re2 Nh6 32. Rxe7 Qxe7 33. b5 Ng4+ 34. Kg2 Bf6 35. Qa8 Kg7 36. Qf3 Kg6 37. Na2 d5 38. Nb4 dxc4 39.
dxc4 Ne3+ 40. Bxe3 Qxb4 41. Bf2 Qxc4 42. Qa8 Kg7 43. Qe8 Qd5+ 44. Kg1 d3 45. Qxh5 d2 46. Qd1 Qd3 47. Kg2 Bc3 48. Kg1 Qxb5 49. Qc2 Qb2 50. Qxf5 d1=Q+ 51. Kg2 Bf6 52. h5 Qbc2 53. h6+ Kf7 54.
Qc8 0-1

[Event "*** Titled Tuesday 3|2 Blitz"]
[Site "Chess.com"]
[Date "2015.10.06"]
[Round "2"]
[White "Mugzyyy"]
[Black "Ar4uha"]
[Result "1-0"]
[WhiteElo "2561"]
[BlackElo "2399"]
[TimeControl "180+2"]
[EndTime "11:22:33 PDT"]
[Termination "Mugzyyy won by resignation"]

1. d4 Nf6 2. c4 e6 3. Nc3 c5 4. d5 exd5 5. cxd5 d6 6. e4 g6 7. f4 Bg7 8. Bb5+ Nfd7 9. Nf3 O-O 10.
O-O Na6 11. Kh1 Nf6 12. e5 Nh5 13. Bxa6 bxa6 14. Ne4 dxe5 15. fxe5 Bg4 16. Bg5 Qe8 17. Nf6+ Bxf6 18. exf6 Qe4 19. Qd2 Rad8 20. Rad1 Rd6 21. Qe3 Qxe3 22. Bxe3 Rfd8 23. Bxc5 Rxd5 24. Rxd5 Rxd5 25.
Be7 Bxf3 26. gxf3 Rd2 27. Rc1 h6 28. Rc8+ Kh7 29. Rf8 g5 30. Rxf7+ Kg6 31. Rf8 Nf4 32. Kg1 Rxb2 33. Rg8+ Kf7 34. Rg7+ Ke6 35. Bd8 Rb8 36. Be7 Rb2 37. Rh7 h5 38. Rg7 a5 39. Kf1 Nd5 40.
Rxg5 Nxf6 41. Bd8 Nd5 42. a4 Rxh2 43. Bxa5 h4 44. Be1 h3 45. Bg3 Ra2 46. Re5+ Kf6 47. Rxd5 Ra1+ 48. Be1 Rxa4 49. Rh5 Ra3 50. Rxh3 Kf5 51.
Kg2 Ra1 52. Bf2 a5 53. Rh5+ Kg6 54. Rb5 a4 55. Ra5 Kf7 56. f4 Ke6 57. f5+ Kd6 58.
f6 Ke6 59. Ra6+ Kf7 60. Ra7+ Kg6 61. f7 1-0

[Event "*** Titled Tuesday 3|2 Blitz"]
[Site "Chess.com"]
[Date "2015.10.06"]
[Round "2"]
[White "Konavets"]
[Black "gmjlh"]
[Result "0-1"]
[WhiteElo "2481"]
[BlackElo "2617"]
[TimeControl "180+2"]
[EndTime "11:22:56 PDT"]
[Termination "gmjlh won by resignation"]

1. e4 e5 2. Nf3 Nc6 3. Bb5 Nf6 4. Qe2 Bc5 5. O-O O-O 6. c3 Re8 7. Rd1 a6 8. Ba4 d5 9. d3 h6 10. h3 b5 11. Bc2 d4 12. Nbd2 Bb6 13. Nf1 a5 14. Ng3 Qe7 15. a4 b4 16. cxd4 Bxd4 17.
Nh4 g6 18. Nf3 Kg7 19. Qd2 Rh8 20. Bb3 Be6 21. Bxe6 Qxe6 22. Qc2 b3 23. Qe2 Nb4 24. Nxd4 exd4 25. Bf4 Nc2 26. Rac1 c5 27. Nf1 Nd5 28.
Bh2 Ndb4 29. Nd2 Rhe8 30. Nc4 Qc6 31. Qf3 Re6 32. Be5+ Kg8 33. Qg3 Qxa4 34. f4 Nxd3 35. Qxd3 Nb4 36. Qg3 Nc2 37. Qd3 Nb4 38. Qf1 Nc2 39. f5 Rc6 40. Nd6 Rf8 41. Rd3 Ne3 42. Rxe3 dxe3 43. Qf4 g5 44. Qxe3 f6 45. Bh2 Rd8 46.
Rd1 Rc7 47. e5 Re7 48. e6 Qb4 49. Rd5 a4 50. Bg3 a3 51. bxa3 Qxa3 52. Rd1 Qb4 53. Qf3 b2 54. Rb1 c4 55. Qh5 c3 56. Qg6+ Rg7 57.
Qxf6 Rf8 58. e7 Rxf6 59. e8=Q+ Kh7 60. Ne4 Rxf5 61. Qe6 Rgf7 62. Kh2 c2 63. Nd6 cxb1=Q 64. Nxf7 Qf8 65. Nd6 Rf1 66. Qe4+ 0-1

[Event "*** Titled Tuesday 3|2 Blitz"]
[Site "Chess.com"]
[Date "2015.10.06"]
[Round "2"]
[White "AungTZ"]
[Black "Makalexa"]
[Result "1-0"]
[WhiteElo "2077"]
[BlackElo "1825"]
[TimeControl "180+2"]
[EndTime "11:23:03 PDT"]
[Termination "AungTZ won by checkmate"]

1. e4 e5 2. Nf3 Nc6 3. d4 exd4 4. Nxd4 Bc5 5. Nb3 Bb4+ 6. c3 Be7 7. Be2 Nf6 8. f3 d5 9. exd5 Qxd5 10. O-O O-O 11.
Qe1 a6 12. Be3 Bf5 13. N1d2 Bd3 14. Bxd3 Qxd3 15. Qf2 Qg6 16. Rfe1 Rfe8 17. Bc5 b6 18. Bxe7 Nxe7 19. Qf1 Nh5 20. Re4 Nf5 21. Rae1 Nd6 22. Rxe8+ Rxe8 23. Rxe8+ Nxe8 24. Qxa6 Nf4 25. Qf1 Nd6 26.
Kh1 h5 27. g3 Nd3 28. f4 Nf5 29.
Qxd3 h4 30. Qf3 h3 31. g4 Nh6 32. g5 Nf5 33. Qxh3 Qe6 34. Qf3 Qe1+ 35. Qf1 Qh4 36. Kg1 Ne3 37. Qf2 Qg4+ 38. Qg3 Qd1+ 39. Kf2 Ng4+ 40. Kg2 Qe2+ 41. Kg1 Ne3 42. Qf3 Qe1+ 43. Nf1 Nf5 44. Nd2 g6 45. Qf2 Qa1 46. Nf3 Qxa2 47. Ne5 Qb1 48. Ng4 Kg7 49. Ne3 Nxe3 50. Qxe3 Qxb2 51. Qe5+ Kg8 52. Qxc7 b5 53. Qe5 b4 54. cxb4 Qxb4 55. Qe3 Kg7 56. Kg2 Qb1 57. Qf2 Qf5 58. Ne3 Qe4+ 59. Qf3 Qa4 60. Kg3 Qa1 61. Ng2 Qb2 62.
h4 f6 63. Ne3 fxg5 64. fxg5 Qb1 65. Qf6+ Kg8 66. Qf2 Qh1 67. Ng4 Qb1 68. Nh6+ Kh7 69. Qf7+ Kh8 70. Qg8# 1-0

[Event "*** Titled Tuesday 3|2 Blitz"]
[Site "Chess.com"]
[Date "2015.10.06"]
[Round "2"]
[White "Imre91"]
[Black "GGuseinov"]
[Result "1-0"]
[WhiteElo "2585"]
[BlackElo "2475"]
[TimeControl "180+2"]
[EndTime "11:23:04 PDT"]
[Termination "Imre91 won by checkmate"]

1. d4 Nf6 2. g3 g6 3. Bg2 Bg7 4. Nf3 O-O 5. O-O d6 6. c4 Nbd7 7. Nc3 e5 8. Qc2 Re8 9. Rd1 exd4 10. Nxd4 Nc5 11. b3 h5 12. Bg5 c6 13. Rd2 Qe7 14.
Rad1 a5 15. h4 Bg4 16. Nf3 Rad8 17. Nh2 Bf5 18. Qc1 Bc8 19. Nf3 Ne6 20. Be3 Nc5 21.
Ng5 Ng4 22. Bf4 Qf6 23. Nge4 Nxe4 24. Nxe4 Qf5 25. Nxd6 Rxd6 26. Rxd6 Rxe2 27. R6d2 Re8 28. Rd8 Rxd8 29. Rxd8+ Kh7 30. Rd1 Be6 31. Qd2 a4 32.
Re1 axb3 33. axb3 b5 34. Bxc6 bxc4 35. bxc4 Bxc4 36. Be4 Qc5 37. Be3 Qa3 38. Bd4 Bh6 39. Qb2 Qa5 40. Qc3 Qxc3 41. Bxc3 Be6 42. Rd1 Bf8 43. Bd4 Bb3 44. Rb1 Be6 45. Rb5 Bg7 46.
Bxg7 Kxg7 47. Bd5 Bf5 48. Rb7 Nh6 49. f3 Kf6 50. Kf2 Be6 51. Bxe6 Kxe6 52. Rb6+ Ke7 53. Ke3 Nf5+ 54. Kf4 f6 55. Rb7+ Ke6 56. Ra7 Nd4 57. g4 hxg4 58. fxg4 Ne2+ 59. Ke3 Nc3 60. Kf3 f5 61. Ra6+ Kf7 62. gxf5 gxf5 63. Kf4 Ne2+ 64. Kxf5 Nd4+ 65. Kg4 Ne6 66. h5 Nc5 67. Rb6 Nd3 68.
Kf5 Kg7 69. Rc6 Nb4 70. Rc5 Nd3 71. Rc7+ Kh6 72. Rc6+ Kh7 73. Kg5 Ne5 74. Rc7+ Kh8 75. Rb7 Kg8 76. Kf5 Nc4 77. Kf6 Kh8 78. Re7 Nd6 79. Kg6 Kg8 80. Re6 Nf7 81. Re8# 1-0

[Event "*** Titled Tuesday 3|2 Blitz"]
[Site "Chess.com"]
[Date "2015.10.06"]
[Round "2"]
[White "bugsbunny444"]
[Black "Bab3s"]
[Result "1-0"]
[WhiteElo "2302"]
[BlackElo "2124"]
[TimeControl "180+2"]
[EndTime "11:23:16 PDT"]
[Termination "bugsbunny444 won by checkmate"]

1. Nf3 Nf6 2. c4 e6 3. g3 d5 4. Bg2 Be7 5. O-O O-O 6. b3 b6 7. Bb2 Bb7 8. e3 Nbd7 9. Nc3 a5 10. Qe2 a4 11. Rfd1 axb3 12. axb3 Nc5 13. b4 Nce4 14. d3 Nxc3 15. Bxc3 Rxa1 16. Rxa1 dxc4 17. dxc4 Be4 18.
Rd1 Qa8 19. b5 Qb7 20. Ne1 Ra8 21. f3 Bg6 22. Bd4 h6 23. e4 Qc8 24. f4 Nd7 25. f5 Bh7 26. fxe6 fxe6 27. Qg4 e5 28. Qe6+ Kf8 29. Be3 Bg8 30. Qxd7 Qxd7 31. Rxd7 Ra1 32. Kf2 Bxc4 33. Rxc7 Bxb5 34. Rc2 Ra6 35. Rb2 Be8 36. Nf3 b5 37. Nxe5 b4 38. Bf1 Ra3 39. Nc4 Ra1 40.
Be2 Rh1 41. Kg2 Ra1 42. Bd2 Bf7 43. Bxb4 Re1 44. Bxe7+ Kxe7 45. Kf2 Rxe2+ 46. Kxe2 Bxc4+ 47. Ke3 Kf6 48. Rb4 Bf7 49. Kf4 g5+ 50. Ke3 Be8 51. Rb6+ Kg7 52. Kd4 h5 53. Ke5 Bg6 54. Rb7+ Kh6 55.
Re7 g4 56. Kf6 Bh7 57. e5 Bg8 58. Rg7 Bd5 59. Rd7 Bb3 60. e6 Ba4 61. Rd8 Kh7 62. e7 h4 63. e8=Q Bxe8 64. Rxe8 h3 65. Rd8 Kh6 66.
Rh8# 1-0

[Event "*** Titled Tuesday 3|2 Blitz"]
[Site "Chess.com"]
[Date "2015.10.06"]
[Round "2"]
[White "EltajSafarli"]
[Black "ChessTrener"]
[Result "1-0"]
[WhiteElo "2712"]
[BlackElo "2479"]
[TimeControl "180+2"]
[EndTime "11:23:19 PDT"]
[Termination "EltajSafarli won by resignation"]

1. e4 c5 2. Nf3 Nc6 3. Bb5 g6 4.
c3 Nf6 5. e5 Nd5 6. d4 cxd4 7.
O-O Bg7 8. cxd4 d6 9. exd6 Qxd6 10. Nc3 O-O 11. h3 Nc7 12. d5 Bxc3 13. dxc6 Nxb5 14. bxc3 Qxd1 15. Rxd1 Nxc3 16. Re1 bxc6 17. Nd4 Nd5 18. Nxc6 Bb7 19. Nxe7+ Nxe7 20. Rxe7 Bd5 21. Bh6 Rfe8 22. Rd7 Be6 23. Rd2 f6 24. Rad1 Kf7 25.
Be3 Re7 26. a4 Rb7 27. Rd6 a5 28. Rc1 Rd7 29. Rb6 Rad8 30. Rcc6 Re8 31. Ra6 g5 32. Rxa5 h6 33. Raa6 f5 34. a5 f4 35. Bc5 h5 36. Rd6 Rxd6 37. Rxd6 g4 38. hxg4 hxg4 39. Rd4 f3 40. gxf3 gxf3 41. Rf4+ Kg6 42.
Rxf3 Bd5 43. Rd3 Ba8 44. Kh2 Kf5 45. f3 Rh8+ 46. Kg3 Rc8 47. Bb6 Rg8+ 48. Kf2 Ke6 49. a6 Rf8 50. a7 Bd5 51. Bc5 Rc8 52. Re3+ Kd7 53. Re7+ Kc6 54. Be3 Rf8 55. f4 Kd6 56.
Rg7 Ba8 57. Kg3 Ke6 58. Bd4 Kd5 59. Be5 Ke6 60. Rg6+ Kf5 61. Rb6 Rg8+ 62. Kf2 Rg2+ 63. Ke3 Ra2 64. Rf6+ Kg4 65. Rg6+ Kf5 66. Rg5+ Ke6 67. Bb8 Ra3+ 68. Kf2 Ra2+ 69. Ke3 Ra3+ 70. Kd4 Ra4+ 71. Kc3 Kf6 72. Rb5 Ra3+ 73. Kb4 Ra1 74. Rc5 Rb1+ 75. Ka5 Ke6 76. Rb5 Ra1+ 77. Kb6 Bh1 78. f5+ Kf7 79. Be5 Ra2 80. Rc5 Be4 81. Rc7+ Ke8 82. f6 Kf8 83. Bd6+ 1-0